Map: Chain of Ascension

Players

wasp

  • Race: Protoss Protoss

larsgj

  • Race: Terran Terran

VOD

Have the link to the VOD?

Description

Time

  • Played on: Oct. 6, 2018, 8:49 a.m.
  • Length: 28:45
Show
View Real Time Build Order
Export as new Build Order

wasp Protoss 

Build Orders:  

Get SALT Encoding   

  1  0:00  Probe x12 (Chrono Boost)  
    0:10  Unknown x2  
  12  0:31  Pylon  
  12  1:00  Gateway  
  12  1:08  Pylon  
  12  1:20  Gateway  
  12  1:42  Forge  
  12  1:54  Assimilator  
  12  1:58  Assimilator  
  12  2:17  Cybernetics Core  
  12  2:24  Probe (Chrono Boost)  
  13  2:38  Probe (Chrono Boost)  
  13  2:39  Zealot  
  16  2:52  Zealot  
  18  3:35  Zealot x2  
  22  4:41  Probe (Chrono Boost)  
  23  4:54  Probe (Chrono Boost)  
  24  5:08  Probe (Chrono Boost)  
  25  5:22  Probe (Chrono Boost)  
  26  6:08  Zealot  
  26  6:09  Zealot  
  30  6:26  Pylon  
  30  6:36  Pylon  
  30  6:42  Pylon  
  30  6:44  Protoss Ground Armor Level 1  
  30  6:59  Twilight Council  
  30  7:03  Stargate  
  30  7:08  Robotics Facility  
  30  7:23  Zealot  
  30  7:24  Zealot  
  30  7:25  Zealot  
  30  7:26  Zealot x2  
  22  8:26  Zealot x2  
  22  8:27  Zealot x2  
  30  8:41  Observer  
  30  8:46  Zealot  
  25  9:24  Protoss Ground Weapons Level 1  
  25  9:34  Zealot  
  25  9:35  Zealot  
  29  9:45  Zealot x2  
  29  9:46  Zealot  
  35  9:53  Zealot  
  37  10:12  Phoenix  
  39  11:08  Zealot  
  39  11:09  Zealot x3  
  46  13:26  Phoenix  
  48  13:30  Zealot  
  48  13:32  Charge  
  50  14:00  Phoenix  
  52  14:32  Singularity Charge  
  52  14:35  Phoenix  
  42  15:10  Phoenix  
  44  15:45  Phoenix  
  46  16:10  Zealot  
  46  16:11  Zealot x2  
  46  16:12  Zealot  
  54  16:20  Phoenix  
  40  16:55  Phoenix  
  42  18:06  Zealot  
  42  18:09  Zealot  
  46  18:10  Zealot x3  
  46  18:11  Zealot  
  54  18:41  Phoenix  
  50  18:50  Pylon  
  50  18:58  Pylon  
  48  19:10  Pylon  
  48  19:16  Phoenix  
  50  19:22  Pylon  
  50  19:30  Pylon  
  50  19:37  Pylon  
  50  19:46  Zealot x2  
  50  19:47  Zealot x2  
  50  19:49  Zealot x2  
  62  19:59  Phoenix  
  64  20:13  Protoss Ground Weapons Level 2  
  58  21:42  Phoenix  
  60  22:01  Immortal  
  64  22:15  Whirlwind  
  64  22:17  Phoenix  
  66  22:52  Phoenix  
  42  23:23  Protoss Ground Armor Level 2  
  42  23:40  Phoenix  
  44  24:15  Phoenix  
  46  24:50  Phoenix  
  48  25:25  Phoenix  
  36  27:49  Zealot x2  
  40  27:50  Zealot x3  
  40  27:51  Zealot  
  40  27:55  Phoenix  
Show
View Real Time Build Order
Export as new Build Order

larsgj Terran 

Build Orders:  

Get SALT Encoding   

  1  0:00  Orbital Command, SCV x12  
    0:10  Unknown  
    0:13  SCV  
  13  0:51  Supply Depot  
  13  0:53  SCV  
  8  1:10  SCV  
  15  1:26  Barracks, SCV  
  16  1:43  SCV, Refinery  
  16  1:45  Refinery  
  13  2:00  Marine, SCV  
  19  2:10  Marine, Supply Depot  
  19  2:17  SCV  
  21  2:32  Marine  
  21  2:34  SCV  
  23  2:42  Marine  
  24  3:04  Barracks  
  24  3:15  Unknown  
  24  3:19  SCV  
  25  3:33  Barracks Tech Lab  
  25  3:36  SCV  
  23  3:53  SCV  
  23  3:56  Marine x2  
  26  4:06  Marine  
  26  4:07  Marine  
  28  4:10  SCV  
  28  4:16  Marine  
  28  4:17  Marine  
  30  4:24  Supply Depot  
  31  4:44  Marine  
  31  4:45  SCV  
  31  4:51  Marine  
  31  4:57  Supply Depot  
  32  5:01  Marine  
  32  5:02  SCV  
  32  5:05  Stabilizer Medpacks  
  34  5:13  Engineering Bay  
  34  5:19  SCV  
  35  5:30  Supply Depot  
  35  5:36  Marine x2, SCV  
  37  5:46  Marine x2  
  39  5:53  SCV  
  39  5:56  Marine x2  
  42  6:07  Marine  
  44  6:11  Barracks Tech Lab  
  44  6:16  Supply Depot  
  44  6:31  Marine  
  44  6:42  Marine  
  44  6:45  Barracks  
  44  6:49  SCV  
  46  6:52  Supply Depot  
  46  6:57  Terran Infantry Weapons Level 1  
  46  7:06  SCV  
  47  7:23  SCV  
  47  7:24  Supply Depot  
  47  7:25  Barracks Tech Lab  
  48  7:40  SCV  
  49  7:57  Marine, Medic  
  49  7:58  Marine  
  49  8:07  Medic  
  49  8:08  Marine, Medic  
  52  8:18  Marine x2, Medic  
  55  8:28  Marine, Medic  
  55  8:29  Marine  
  59  8:37  Orbital Command  
  59  8:38  Marine  
  64  9:34  Supply Depot  
  64  9:37  Terran Infantry Armor Level 1  
  64  10:07  Supply Depot  
  64  10:21  Incinerator Gauntlets  
  64  10:23  Juggernaut Plating  
  64  10:26  Concussive Shells  
  64  10:33  SCV  
  65  10:43  Supply Depot  
  65  10:50  SCV  
  66  11:07  SCV  
  67  11:14  Supply Depot  
  67  11:24  SCV  
  67  11:27  Neosteel Frame  
  68  11:41  SCV  
  68  11:46  Supply Depot  
  69  12:18  Supply Depot  
  69  12:40  Marine x3  
  72  12:50  Marine x2, Medic  
  72  12:51  Supply Depot  
  76  13:00  Medic x2  
  76  13:01  Marine  
  79  13:10  Marine  
  79  13:11  Marine, Medic  
  79  13:17  Structure Armor  
  82  13:21  Marine x3  
  82  13:26  Supply Depot  
  85  13:30  Command Center  
  85  13:59  Supply Depot  
  85  14:31  Supply Depot  
  85  14:57  Marine x3  
  86  15:02  Supply Depot  
  86  15:07  Marine, Medic x2  
  88  15:17  Marine x2  
  88  15:18  Medic  
  93  15:27  Medic  
  93  15:28  Marine x2  
  95  15:33  Supply Depot  
  95  15:37  Marine  
  95  15:38  Marine x2  
  99  15:40  Barracks  
  100  17:35  SCV  
  100  17:36  Marine x3  
  104  17:46  Marine, Medic  
  104  17:47  Marine  
  108  17:52  SCV  
  108  17:56  Medic  
  108  17:57  Medic x2  
  113  18:06  Marine, Barracks Tech Lab  
  113  18:07  Marine x2  
  113  18:09  SCV  
  113  18:16  Marine  
  113  18:17  Marine, Medic  
  115  18:22  Refinery  
  115  18:25  SCV, Refinery  
  115  18:27  Marine x2, Medic  
  120  18:37  Marine  
  123  18:42  SCV  
  123  18:45  Factory  
  125  18:59  SCV  
  126  19:16  SCV  
  127  19:20  Marine x2  
  127  19:21  Marine, Medic  
  132  19:30  Medic  
  132  19:31  Marine x2, Medic  
  138  19:41  Marine x2, Medic x2  
  142  19:51  Marine x2, Medic x2  
  148  20:01  Marine x2, Medic x2  
  154  20:41  Armory  
  153  21:19  SCV  
  154  21:36  SCV  
  155  21:53  SCV  
  156  22:09  Marine  
  134  22:10  Marine x3, SCV  
  135  22:20  Marine x4  
  161  22:27  SCV  
  166  22:30  Marine, Medic x3  
  173  22:40  Marine x2, Medic x2  
  179  22:50  Marine x3  
  179  22:51  Marine  
  169  24:28  Marine x3, Medic  
  169  24:38  Marine x2, Medic x2  
  174  24:48  Marine x3  
  174  24:49  Medic  
  180  24:58  Medic x2  
  180  24:59  Marine  
  190  26:48  Marine  
  190  26:52  Marine  
  190  26:53  Marine  
  190  26:54  Medic  
  190  26:59  Marine  
  188  27:02  Medic  
  188  27:03  Marine  
  188  27:04  Marine  
  188  27:09  Medic  
  180  27:12  Marine  
  180  27:14  Medic x2  
  180  27:19  Marine  
  176  27:23  Marine  
  176  27:24  Marine x2  
  176  27:29  Medic  
  165  27:33  Marine  
  165  27:34  Marine  
  165  27:35  Medic  
Tags
 
Add a new tag
Caveats
  • Supply blocks, unpowered buildings, or Contaminate may cause inaccurate times.
  • Supply counts are checked every 10 seconds.